 Dungeon Crawl Stone Soup version bcrawl-1.19-7-g22fd707d3b (webtiles) character file.

Game seed: 889404084336710492

8612 Mrkan the Grappler (level 11, -1/113 HPs)
             Began as a Troll Hunter on Nov 16, 2019.
             Was a Priest of Dithmenos.
             Slain by a killer bee (4 damage)
             ... on level 9 of the Dungeon.
             The game lasted 00:14:57 (8001 turns).

Mrkan the Grappler (Troll Hunter)                   Turns: 8001, Time: 00:14:58

Health: -1/113     AC: 11    Str: 22    XL:     11   Next: 12%
Magic:  10/10      EV: 10    Int: 11    God:    Dithmenos [***...]
Gold:   596        SH:  0    Dex: 10    Spells: 10/10 levels left

rFire    . . .     SeeInvis .     - Unarmed
rCold    . . .     Gourm    +   (no shield)
rNeg     . . .     Faith    .   (armour unavailable)
rPois    .         Spirit   .   (helmet restricted)
rElec    .         Reflect  .   i - +1 cloak
rCorr    .         Harm     .   (gloves unavailable)
MR       .....                  (boots unavailable)
Stlth    ++........             (no amulet)
HPRegen  0.68/turn              (no ring)
MPRegen  0.12/turn              (no ring)

@: lethally poisoned (-1 -> -4), about to teleport, wreathed by umbra
A: large, almost no armour, unfitting armour, claws 3, fast metabolism 3,
gourmand, regeneration 1, AC +9
a: Shadow Step, Renounce Religion


You were on level 9 of the Dungeon.
You worshipped Dithmenos.
Dithmenos was most pleased with you.
You were completely stuffed.

You visited 1 branch of the dungeon, and saw 9 of its levels.

You collected 596 gold pieces.

Inventory:

Hand Weapons
 u - the cursed +3 spear "Xixzagh" {venom, rN+ Str+2, unknown}
   (You found it on level 9 of the Dungeon)

   It poisons the flesh of those it strikes.
   It affects your strength (+2).
   It protects you from negative energy.
   It has a curse placed upon it.
Missiles
 b - 120 large rocks (quivered)
 c - 2 throwing nets {!f}
Armour
 i - a +1 cloak (worn)
 y - the +2 hat of the Snake Pit {Int+2 Slay+2, unknown}
   (You found it on level 9 of the Dungeon)

   It affects your intelligence (+2).
   It affects your accuracy and damage with ranged weapons and melee attacks
   (+2).
Wands
 n - a wand of iceblast (6)
 q - a wand of flame (27)
 r - a wand of paralysis (5)
 w - a wand of scattershot (3)
Scrolls
 a - 8 scrolls of identify
 e - 3 scrolls of enchant weapon
 f - a scroll of teleportation
 l - 9 scrolls of remove curse
 m - 3 scrolls of fog
 s - 2 scrolls of immolation
 t - a scroll of enchant armour
Potions
 g - 4 potions of flight
 h - 2 potions of curing
 j - 3 potions of lignification
 k - 5 potions of agility
 o - 2 potions of heal wounds
 p - 2 potions of berserk rage
 v - 9 potions of degeneration
 x - 2 potions of magic {unknown}
 z - 3 potions of haste
Comestibles
 d - 19 rations {!d}


   Skills:
 + Level 8.6 Fighting
 * Level 8.2 Throwing
 - Level 1.5 Dodging
 - Level 0.4 Stealth
 - Level 11.6 Unarmed Combat


You had 10 spell levels left.
You didn't know any spells.
Your spell library was empty.

Dungeon Overview and Level Annotations

Branches:
Dungeon (9/12)             Temple (0/1) D:6            Lair (0/6) D:7
    Orc (0/1) D:8

Altars:
Cheibriados
Dithmenos
Gozag
Kikubaaqudgha
Lugonu
Ru
Vehumet
Wu Jian
Zin

Shops:
D:4 (   D:5 (


Innate Abilities, Weirdness & Mutations

You cannot wear most types of armour.
Your thick skin is tough. (AC +9)
You are too large for most types of armour.
You have claws for hands.
Your metabolism is lightning-fast.
You like to eat raw meat.
Your natural rate of healing is unusually fast.


Message History

You feel better. The killer bee closely misses you. The killer bee stings you!
* * * LOW HITPOINT WARNING * * *
You are poisoned.
The killer bee poisons you! The killer bee stings you.
* * * LOW HITPOINT WARNING * * *
The killer bee misses you. x2
The killer bee stings you but does no damage.
The killer bee stings you.
* * * LOW HITPOINT WARNING * * *
You are lethally poisoned!
The killer bee poisons you! The killer bee barely misses you.
Okay, then.
As you read the scroll of teleportation, it crumbles to dust.
You feel strangely unstable.
* * * LOW HITPOINT WARNING * * *
You feel sick. The killer bee closely misses you.
The killer bee barely misses you.
The killer bee stings you but does no damage.
The killer bee stings you.
You die...

########### ########
#.........#
.......##########y........##.#
............y@yyyy.......†....
...........y####.........##.#
.....>.....Q................#
####.......#.#############..
#.#........#.#..# .
#.#.##.###........
##...........###.###
...[..........# #
..........####.#


You could see a queen bee, a tengu conjurer and 6 killer bees.

Vanquished Creatures
  Pikel (D:7)
  A centaur zombie (D:6)
  5 gargoyles (D:8)
  A troll (D:8)
  A hornet (D:9)
  Grinder (D:5)
  3 hippogriffs
  7 yaks
  4 porcupines (D:7)
  2 orc warriors (D:8)
  A swamp drake (D:8)
  2 ice beasts
  4 ogres
  A black bear (D:7)
  An eye of draining (shapeshifter) (D:9)
  3 phantoms
  5 sky beasts
  2 bullfrogs (D:7)
  2 big kobolds (D:6)
  A gnoll sergeant (D:7)
  A wyvern skeleton (D:7)
  3 scorpions (D:7)
  4 killer bees (D:9)
  2 howler monkeys
  10 crimson imps
  2 bullfrog skeletons
  A jelly (D:5)
  A quasit (D:8)
  4 orc priests
  6 hounds
  2 orc wizards (D:8)
  A centaur skeleton (D:4)
  3 iguanas
  2 worker ants
  A hound zombie (D:9)
  A howler monkey zombie (D:7)
  A worker ant zombie (D:5)
  4 gnolls (D:7)
  12 adders
  4 shadow imps
  5 worms
  6 dart slugs
  8 leopard geckos
  30 orcs
  A ball python (D:1)
  7 bats
  2 giant cockroaches
  8 goblins
  8 hobgoblins
  18 jackals
  2 quokkas
  3 frilled lizards (D:2)
  A jackal skeleton (D:5)
  23 kobolds
  4 rats
239 creatures vanquished.

Vanquished Creatures (others)
  A hungry ghost (D:7)
  An ogre (D:7)
  A centaur skeleton (D:7)
  An orc wizard (D:8)
  3 fungi (D:7)
7 creatures vanquished.

Grand Total: 246 creatures vanquished

Notes
Turn   | Place    | Note
-------+----------+-------------------------------------------
     0 | D:1      | Mrkan the Troll Hunter began the quest for the Orb.
     0 | D:1      | Reached XP level 1. HP: 19/19 MP: 0/0
   102 | D:1      | Reached skill level 1 in Unarmed Combat
   152 | D:1      | Reached XP level 2. HP: 22/28 MP: 1/1
   392 | D:1      | Reached skill level 2 in Unarmed Combat
   493 | D:1      | Reached XP level 3. HP: 35/35 MP: 2/2
  1416 | D:2      | Reached skill level 3 in Unarmed Combat
  1447 | D:2      | Gained mutation: Your natural rate of healing is unusually
                  | fast. [Troll growth]
  1447 | D:2      | Reached XP level 4. HP: 44/44 MP: 3/3
  2338 | D:3      | Found a faded altar of an unknown god.
  2457 | D:3      | Reached XP level 5. HP: 47/50 MP: 4/4
  2684 | D:3      | Found a shadowy altar of Dithmenos.
  2690 | D:3      | Became a worshipper of Dithmenos the Shadowed
  2855 | D:3      | Reached skill level 4 in Unarmed Combat
  3011 | D:4      | Noticed a phantom
  3045 | D:4      | Killed a phantom
  3045 | D:4      | Reached XP level 6. HP: 58/61 MP: 5/5
  3067 | D:4      | Noticed a sky beast
  3082 | D:4      | Killed a sky beast
  3082 | D:4      | Reached skill level 5 in Unarmed Combat
  3129 | D:4      | Noticed an ice beast
  3150 | D:4      | Killed an ice beast
  3182 | D:4      | Reached skill level 6 in Unarmed Combat
  3182 | D:4      | Reached XP level 7. HP: 34/68 MP: 6/6
  3316 | D:4      | Found a shadowy altar of Dithmenos.
  3595 | D:4      | Found Jekk's Antique Weapon Emporium.
  3793 | D:5      | Entered Level 5 of the Dungeon
  4076 | D:5      | Noticed Grinder
  4097 | D:5      | Reached skill level 7 in Unarmed Combat
  4097 | D:5      | Paralysed by Grinder for 3 turns
  4141 | D:5      | Killed Grinder
  4141 | D:5      | Reached * piety under Dithmenos
  4141 | D:5      | Reached XP level 8. HP: 61/79 MP: 7/7
  4211 | D:5      | Found Suseus's Antique Weapon Shoppe.
  4349 | D:5      | Found a sacrificial altar of Ru.
  4355 | D:5      | Found an ancient bone altar of Kikubaaqudgha.
  4356 | D:5      | Found a snail-covered altar of Cheibriados.
  4446 | D:5      | Reached skill level 8 in Unarmed Combat
  4652 | D:6      | Reached skill level 5 in Fighting
  4660 | D:6      | Noticed a hippogriff
  4675 | D:6      | Killed a hippogriff
  4762 | D:6      | Reached skill level 9 in Unarmed Combat
  4901 | D:6      | Noticed a hippogriff
  4907 | D:6      | Killed a hippogriff
  4953 | D:6      | Found a corrupted altar of Lugonu.
  4982 | D:6      | Found an opulent altar of Gozag.
  5067 | D:6      | Reached XP level 9. HP: 81/89 MP: 8/8
  5092 | D:6      | Reached skill level 10 in Unarmed Combat
  5101 | D:6      | Found a staircase to the Ecumenical Temple.
  5673 | D:7      | Noticed Pikel
  5692 | D:7      | Killed Pikel
  5713 | D:7      | Found a staircase to the Lair.
  5722 | D:7      | Reached skill level 11 in Unarmed Combat
  5880 | D:7      | Reached XP level 10. HP: 77/102 MP: 9/9
  5883 | D:7      | Reached ** piety under Dithmenos
  6362 | D:8      | Found a glowing silver altar of Zin.
  6522 | D:8      | Found a radiant altar of Vehumet.
  6624 | D:8      | Noticed a gargoyle
  6628 | D:8      | Killed a gargoyle
  6628 | D:8      | Reached skill level 5 in Throwing
  6651 | D:8      | Noticed a gargoyle
  6653 | D:8      | Killed a gargoyle
  6675 | D:8      | Noticed a gargoyle
  6678 | D:8      | Killed a gargoyle
  6702 | D:8      | Noticed a gargoyle
  6706 | D:8      | Killed a gargoyle
  6716 | D:8      | Noticed a gargoyle
  6724 | D:8      | Killed a gargoyle
  6863 | D:8      | Found a staircase to the Orcish Mines.
  7028 | D:8      | Reached *** piety under Dithmenos
  7681 | D:9      | Got a warped spear
  7726 | D:9      | Reached XP level 11. HP: 104/113 MP: 10/10
  7898 | D:9      | Found an ornate altar of the Wu Jian Council.
  7912 | D:9      | Got a twisted hat
  8000 | D:9      | HP: 5/113 [killer bee (4)]
  8001 | D:9      | Slain by a killer bee

Skill      XL: |  1  2  3  4  5  6  7  8  9 10 11 |
---------------+----------------------------------+-----
Unarmed Combat | 1 2 3 4 6 7 9 11 | 11.6
Fighting       | 2 3 4 6 7 8 |  8.6
Throwing       | 7 8 |  8.2
Dodging        | |  1.5
Stealth        | |  0.4

Action                   |  1- 3 |  4- 6 |  7- 9 | 10-12 || total
-------------------------+-------+-------+-------+-------++-------
Melee: Unarmed           |   135 |   167 |   245 |   224 ||   771
       Punch             |       |     1 |    11 |     6 ||    18
  Use: Scroll            |       |       |     9 |     5 ||    14
       Potion            |       |       |       |     1 ||     1
 Stab: Sleeping          |     2 |       |     3 |     1 ||     6
  Eat: Chunk             |    14 |    11 |    17 |    13 ||    55
Armor: Skin              |    64 |    63 |    79 |    91 ||   297
Dodge: Dodged            |    78 |   102 |   128 |   176 ||   484
